 Dungeon Crawl Stone Soup version 0.30-a0-860-g512cf1e979 (webtiles) character file.

Game seed: 6228180976328440443

63035 Ge0ff the Thaumaturge (level 15, -2/129 HPs)
             Began as a Naga Cinder Acolyte on Mar 7, 2023.
             Was an Elder of Ignis.
             Slain by a reaper
             ... wielding a +2 scythe of freezing
              (11 damage)
             ... in an ice cave on Mar 8, 2023.
             The game lasted 01:00:42 (21770 turns).

Ge0ff the Thaumaturge (Naga Cinder Acolyte)        Turns: 21770, Time: 01:00:43

Health: -2/129     AC: 10    Str: 17    XL:     15   Next: 8%
Magic:  27/40      EV:  9    Int: 32    God:    Ignis [****..]
Gold:   1380       SH:  4    Dex:  4    Spells: 23/38 levels left

rFire   + . .      SeeInvis +    a - +4 trident
rCold   . . .      Faith    .    A - +0 buckler
rNeg    + . .      Spirit   .    Q - +1 robe "Goxt" {Regen+ Int+4}
rPois   +          Reflect  .    U - +0 helmet
rElec   .          Rampage  .    (no cloak)
rCorr   .                        h - +1 pair of gloves
Will    ++...                    (no barding)
Stlth   ++                       Y - amulet of Goytuoge {RegenMP rN+ Will+}
HPRegen 1.21/turn                c - +6 ring of intelligence
MPRegen 0.67/turn                v - ring of magical power {=R}

@: very slightly contaminated, very slow
A: AC +5, large, see invisible, deformed body, poison resistance, slowness 2,
spit poison 1, naga tail 2, clumsy 1
a: Spit Poison, Renounce Religion, Fiery Armour, Foxfire Swarm, Rising Flame


You were in an ice cave.
You worshipped Ignis.
Ignis was greatly pleased with you.
You visited 4 branches of the dungeon, and saw 18 of its levels.
You also visited: Ossuary, Bailey and Ice Cave.

You collected 2253 gold pieces.
You spent 873 gold pieces at shops.

Inventory:

Hand Weapons
 a - a +4 trident (weapon)
 b - a +4 scimitar of flaming
Missiles
 g - 2 throwing nets {=F}
 p - 8 boomerangs
 Z - 70 poisoned darts
Armour
 h - a +1 pair of gloves (worn)
 w - a +2 robe of fire resistance
 A - a +0 buckler (worn)
 Q - the +1 robe "Goxt" (worn) {Regen+ Int+4}
   (You took it off a hobgoblin in a bailey)

   Int:       It affects your intelligence (+4).
   Regen:     It increases your rate of health regeneration.
 U - a +0 helmet (worn)
Magical Staves
 B - a staff of earth
Jewellery
 c - a +6 ring of intelligence (left hand)
 v - a ring of magical power (right hand) {=R}
 x - a ring of willpower
 D - a +4 ring of protection
 G - an amulet of regeneration
 S - the ring "Omijopt" {rF+ rN++ Int-2 Dex+5}
   (You found it on level 10 of the Dungeon)

   [ring of protection from fire]

   Int:       It affects your intelligence (-2).
   Dex:       It affects your dexterity (+5).
   rF:        It protects you from fire.
   rN:        It greatly protects you from negative energy.
 Y - the amulet of Goytuoge (around neck) {RegenMP rN+ Will+}
   (You acquired it on level 2 of the Dungeon)

   [amulet of magic regeneration]

   It increases your rate of magic regeneration.
   rN:        It protects you from negative energy.
   Will:      It increases your willpower.
Wands
 d - a wand of digging (16)
 f - a wand of flame (6)
 j - a wand of light (3)
 k - a wand of iceblast (7)
 s - a wand of mindburst (9)
 P - a wand of polymorph (35)
Scrolls
 e - 3 scrolls of enchant weapon
 l - 3 scrolls of enchant armour
 m - a scroll of magic mapping
 r - a scroll of butterflies
 y - a scroll of immolation
 C - a scroll of poison
 E - a scroll of fear
 F - 2 scrolls of fog
 J - 2 scrolls of brand weapon
 T - 11 scrolls of teleportation
 V - 2 scrolls of vulnerability
Potions
 o - a potion of ambrosia
 q - 6 potions of curing
 u - a potion of berserk rage {unknown}
 z - 3 potions of brilliance
 H - 7 potions of haste {!q}
 I - 2 potions of invisibility
 K - 3 potions of cancellation {unknown}
 L - 3 potions of lignification {unknown}
 M - 4 potions of might
 N - 2 potions of resistance {unknown}
 R - 4 potions of magic {unknown}
 W - 5 potions of heal wounds {!q}
 X - 2 potions of flight
Miscellaneous
 n - a phial of floods
 t - a tin of tremorstones (1/2)
 O - a box of beasts


   Skills:
 - Level 7.0 Fighting
 - Level 3.0 Polearms
 - Level 3.0 Throwing
 - Level 2.0 Armour
 - Level 3.0 Dodging
 - Level 5.0 Stealth
 - Level 5.0 Shields
 - Level 12.0 Spellcasting
 + Level 9.3 Conjurations
 - Level 3.0 Translocations
 - Level 10.0 Fire Magic
 - Level 7.0 Ice Magic
 * Level 9.5 Air Magic
 - Level 6.2 Earth Magic
 - Level 8.0 Evocations


You had 23 spell levels left.
You knew the following spells:

 Your Spells              Type           Power      Damage    Failure   Level
m - Frozen Ramparts       Ice            100%       1d16      1%          3
n - Stone Arrow           Conj/Erth      100%       3d13      1%          3
B - Blink                 Tloc           76%        N/A       1%          2
C - Arcjolt               Conj/Air       34%        1d44      1%          5
E - Scorch                Fire           100%       2d10      1%          2

Your spell library contained the following spells:

 Spells                   Type           Power      Damage    Failure   Level
 Freeze                   Ice            100%       1d10      1%          1
 Sandblast                Erth           100%       2d20      1%          1
 Cigotuvi's Dreadful Rot  Necr/Pois/Air  78%        N/A       1%          2
 Passwall                 Tmut/Erth      32%        N/A       1%          2
 Static Discharge         Conj/Air       100%       2-7/arc   1%          2
 Hailstorm                Conj/Ice       63%        3d13      1%          3
 Kindle Blastsparks       Fire/Tloc/Air  100%       2d18      1%          3
 Vhi's Electric Charge    Tloc/Air       100%       N/A       1%          3
 Lightning Bolt           Conj/Air       34%        1d51      1%          5
 Ignite Poison            Fire/Tmut/Pois 40%        N/A       2%          3
 Freezing Cloud           Conj/Ice/Air   32%        6-21      2%          5
 Beastly Appendage        Tmut           38%        N/A       3%          1
 Wereblood                Tmut           19%        N/A       4%          2
 Spider Form              Tmut/Pois      19%        N/A       9%          3
 Manifold Assault         Tloc           38%        N/A       9%          4
 Petrify                  Tmut/Erth      39%        N/A       9%          4
 Metabolic Englaciation   Hex/Ice        20%        N/A       19%         5
 Dispel Undead            Necr           19%        3d11      28%         4
 Statue Form              Tmut/Erth      26%        N/A       77%         6
 Storm Form               Tmut/Air       24%        N/A       98%         7
 Death Channel            Necr           9%         N/A       99%         6


Dungeon Overview and Level Annotations

Branches:
Dungeon (11/15) Zot: 25296  Temple (1/1) D:4 Zot: 5886    Lair (5/5) D:11 Zot: 22400
 Shoals (0/4) Lair:2        Snake (0/4) Lair:3        Slime (0/5) Lair:5
    Orc (1/2) D:9 Zot: 5973 Ossuary (visited)          Bailey (visited)
  IceCv (1/1) Zot: 5074

Altars:
Ashenzari
Cheibriados
Dithmenos
Elyvilon
Fedhas
Gozag
Hepliaklqana
Kikubaaqudgha
Makhleb
Nemelex Xobeh
Okawaru
Qazlal
Ru
Sif Muna
Trog
Uskayaw
Vehumet
Wu Jian
Xom
Yredelemnul
Zin
The Shining One
Jiyva

Shops:
D:2 *=   D:7 (!*


Innate Abilities, Weirdness & Mutations

Your serpentine skin is tough. (AC +5)
You have supernaturally acute eyesight. (SInv)
Armour fits poorly on your strangely shaped body.
Your system is resistant to poisons. (rPois)
You cover ground very slowly.
You can spit poison.
You can use your snake-like lower body to constrict enemies.
You are clumsy. (Dex -2)


Message History

Electricity surges outward!
The dire elephant simulacrum vaporises!
You open the door.
A three-headed hydra simulacrum comes into view.
The stone arrow hits the three-headed hydra simulacrum!!
The three-headed hydra simulacrum is heavily damaged.
Casting: Stone Arrow (safe; 1% risk of failure)
Confirm with . or Enter, or press ? or * to list all spells.
Electricity surges outward!
The three-headed hydra simulacrum is almost destroyed.
The three-headed hydra simulacrum bites you.
The three-headed hydra simulacrum freezes you!
The three-headed hydra simulacrum barely misses you.
The three-headed hydra simulacrum bites you!
The three-headed hydra simulacrum freezes you!!
Casting: Arcjolt (mildly dangerous; 1% risk of failure)
Confirm with . or Enter, or press ? or * to list all spells.
Electricity surges outward!
The three-headed hydra simulacrum vaporises!
Okay, then.
You open the door.
There is an open door here.
There is a dry fountain here.
You open the door.
A reaper comes into view. It is wielding a +2 scythe of freezing.
The reaper hits you from afar with a +2 scythe of freezing!
The reaper freezes you.
The reaper hits you with a +2 scythe of freezing!!
The reaper freezes you!
Casting: Arcjolt (mildly dangerous; 1% risk of failure)
Confirm with . or Enter, or press ? or * to list all spells.
Electricity surges outward!
The reaper is moderately wounded.
The reaper hits you with a +2 scythe of freezing!
The reaper freezes you.
Casting: Arcjolt (mildly dangerous; 1% risk of failure)
Confirm with . or Enter, or press ? or * to list all spells.
Electricity surges outward!
The reaper is moderately wounded.
The reaper hits you with a +2 scythe of freezing!!
The reaper freezes you.
Casting: Arcjolt (mildly dangerous; 1% risk of failure)
Confirm with . or Enter, or press ? or * to list all spells.
You miscast Arcjolt.
You are very lightly contaminated with residual magic.
Nothing appears to happen.
The reaper hits you with a +2 scythe of freezing!!
* * * LOW HITPOINT WARNING * * *
The reaper freezes you!
You die...

#.###.8...8.###.#
#.#.'.......'.#.#
#+######'######+#
#...............#
####8.#####.8####
##.# .)#.## #.#
⌠?#.# #.# .}#.#
#@##'##.#
#.2.....#
####⌠#### ###


You could see a reaper.

Vanquished Creatures
  An orc warlord (Bailey)
  2 centaur warriors (D:9)
  3 catoblepae (Lair:5)
  2 hydras
  Erica (D:9)
  2 two-headed ogres
  A boulder beetle (D:11)
  13 death yaks
  A lindwurm (D:11)
  A deep elf pyromancer (D:9)
  2 manticores (Lair:5)
  A cyclops (D:9)
  A merfolk siren (Lair:2)
  23 elephants
  6 black mambas
  6 cane toads
  2 ice statues (IceCv)
  3 torpor snails
  A gargoyle (D:9)
  Joseph (Lair:1)
  Maggie (Lair:1)
  4 komodo dragons
  A rime drake (Lair:2)
  7 ice devils (IceCv)
  An anaconda simulacrum (IceCv)
  3 merfolk (Lair:2)
  4 polar bears
  3 trolls
  A meliai (D:9)
  Prince Ribbit (D:7)
  20 blink frogs
  2 hornets
  A centaur simulacrum (D:10)
  A shadow (D:9)
  4 wyverns
  3 dire elephant simulacra (IceCv)
  68 yaks
  4 basilisks
  A wraith (D:9)
  An unseen horror simulacrum (D:10)
  Eustachio (D:4)
  A human (D:10)
  2 steam dragons
  3 redbacks (D:11)
  2 harpy simulacra (IceCv)
  3 nagas (Lair:3)
  A warg (Orc:1)
  An acid dragon (D:10)
  12 water moccasins
  4 hydra simulacra (IceCv)
  17 orc warriors
  3 black bears
  A sky beast (D:7)
  3 ice beasts
  An ogre (D:4)
  9 wolves
  2 centaurs
  An elf zombie (Ossuary)
  7 bullfrogs
  Blork the orc (D:4)
  3 kobold brigands
  4 scorpions
  A gnoll sergeant (D:9)
  3 cane toad simulacra
  A two-headed ogre simulacrum (Orc:1)
  8 wights
  An elephant simulacrum (IceCv)
  16 killer bees
  2 howler monkeys
  2 electric eels (D:10)
  A centaur zombie (Ossuary)
  2 lava snakes (D:11)
  4 orc priests
  5 hounds
  A human zombie (Ossuary)
  A sleepcap (D:5)
  3 jellies (Lair:5)
  Ijyb (D:4)
  Terence (D:2)
  2 orc wizards
  A polar bear simulacrum (Orc:1)
  A hell rat (D:11)
  3 spriggan simulacra
  A troll simulacrum (Orc:1)
  A wolf simulacrum (IceCv)
  2 mummies (Ossuary)
  Robin (D:3)
  16 gnolls
  7 adders
  A naga simulacrum (Orc:1)
  5 shadow imps
  6 white imps
  A howler monkey simulacrum (D:10)
  2 adder zombies (Ossuary)
  2 worms (D:2)
  2 dart slugs
  46 orcs
  5 bats
  8 endoplasms
  5 giant cockroaches
  15 hobgoblins
  8 jackals (D:2)
  18 kobolds
  6 quokkas
  9 ball pythons
  28 goblins
  2 goblin zombies
  12 hobgoblin zombies (Ossuary)
  A jackal skeleton (D:10)
  A jackal zombie (Ossuary)
  A kobold skeleton (D:10)
  8 kobold zombies (Ossuary)
  7 orc zombies (Ossuary)
  9 rats
  3 rat zombies (Ossuary)
585 creatures vanquished.

Vanquished Creatures (others)
  2 demonic plants (D:8)
  15 foxfires (D:3)
  23 fungi
  40 plants
80 creatures vanquished.

Grand Total: 665 creatures vanquished

Notes
Turn   | Place    | Note
-------+----------+-------------------------------------------
     0 | D:1      | Ge0ff the Naga Cinder Acolyte began the quest for the Orb.
     0 | D:1      | Reached XP level 1. HP: 21/21 MP: 2/2
    37 | D:1      | Reached skill level 1 in Stealth
   109 | D:1      | Reached XP level 2. HP: 16/28 MP: 3/3
   114 | D:1      | Learned a level 2 spell: Scorch
  1120 | D:2      | Reached XP level 3. HP: 34/34 MP: 2/5
  1281 | D:2      | Found Lolovit's Jewellery Shoppe.
  1376 | D:2      | Reached skill level 2 in Spellcasting
  1523 | D:2      | Reached XP level 4. HP: 41/42 MP: 0/7
  1702 | D:2      | Noticed Terence
  1711 | D:2      | Killed Terence
  1990 | D:2      | Found Nesem's General Store.
  1998 | D:2      | Bought a scroll of identify for 28 gold pieces
  2662 | D:3      | Noticed a scorpion
  2667 | D:3      | Killed a scorpion
  2668 | D:3      | Reached skill level 3 in Spellcasting
  2668 | D:3      | Reached XP level 5. HP: 43/49 MP: 2/9
  3097 | D:3      | Reached XP level 6. HP: 40/56 MP: 6/11
  3170 | D:3      | Noticed Robin
  3176 | D:3      | Reached skill level 5 in Fire Magic
  3181 | D:3      | Killed Robin
  3333 | D:3      | Found a sacrificial altar of Ru.
  3456 | D:4      | Found a sand-covered staircase.
  3549 | Ossuary  | Entered an ossuary
  3907 | Ossuary  | Reached skill level 4 in Spellcasting
  4152 | Ossuary  | Reached XP level 7. HP: 58/62 MP: 1/13
  4419 | D:4      | Noticed Blork the orc
  4429 | D:4      | Killed Blork the orc
  4530 | D:4      | Noticed Ijyb
  4541 | D:4      | Killed Ijyb
  4661 | D:4      | Noticed Eustachio
  4670 | D:4      | Killed Eustachio
  4671 | D:4      | Reached skill level 5 in Spellcasting
  4869 | D:4      | Reached XP level 8. HP: 69/69 MP: 10/15
  5027 | D:4      | Found a staircase to the Ecumenical Temple.
  5037 | Temple   | Entered the Ecumenical Temple
  5292 | D:5      | Entered Level 5 of the Dungeon
  6086 | D:5      | Found a stormy altar of Qazlal.
  6541 | D:6      | Found a shimmering altar of Xom.
  6541 | D:6      | Found a shimmering altar of Xom.
  6541 | D:6      | Found a shimmering altar of Xom.
  6541 | D:6      | Found a shimmering altar of Xom.
  6558 | D:6      | Found a shimmering altar of Xom.
  6845 | D:6      | Noticed Sigmund
  6859 | D:6      | Sigmund changed into Sigmund the kobold
  6859 | D:6      | Noticed Sigmund
  6860 | D:6      | Killed Sigmund the kobold
  7072 | D:7      | Reached skill level 6 in Spellcasting
  7072 | D:7      | Reached XP level 9. HP: 78/78 MP: 4/18
  7188 | D:7      | Noticed Prince Ribbit
  7196 | D:7      | Killed Prince Ribbit
  7263 | D:7      | Found Lejixe's Weapon Emporium.
  7274 | D:7      | Found Esaoch's Distillery.
  7277 | D:7      | Found Ytimuwoo's Assorted Antiques.
  7281 | D:7      | Bought a clear potion for 21 gold pieces
  7281 | D:7      | Bought a tapered copper wand for 96 gold pieces
  7487 | D:7      | Reached skill level 1 in Evocations
  7887 | D:7      | Noticed a hornet
  7893 | D:7      | Killed a hornet
  7894 | D:7      | Reached skill level 7 in Spellcasting
  8203 | D:7      | Reached skill level 10 in Fire Magic
  8513 | D:8      | Reached XP level 10. HP: 87/87 MP: 17/20
  8779 | D:8      | Reached skill level 5 in Fighting
  8779 | D:8      | Reached skill level 5 in Evocations
  8787 | D:8      | Reached skill level 1 in Shields
  9635 | D:9      | Noticed a cyclops
  9636 | D:9      | Noticed a centaur warrior
  9636 | D:9      | Noticed a centaur warrior
  9637 | D:9      | Found a transporter.
  9637 | D:9      | Found a transporter.
  9637 | D:9      | Noticed a deep elf pyromancer
  9649 | D:9      | Learned a level 2 spell: Blink
  9650 | D:9      | Noticed a gargoyle
  9701 | D:9      | Reached skill level 1 in Translocations
  9736 | D:9      | Noticed a two-headed ogre
  9750 | D:9      | Killed a two-headed ogre
  9761 | D:9      | Found the +3 pair of seven-league boots {Rampage+∞}
  9797 | D:9      | Found a flagged portal.
  9811 | D:9      | Identified the +5 hand axe of Angy {drain, rF++}
  9846 | D:9      | Found a hazy altar of Hepliaklqana.
  9847 | D:9      | Found a shadowy altar of Dithmenos.
  9884 | Bailey   | Entered a bailey
  9934 | Bailey   | Reached skill level 5 in Shields
 10402 | Bailey   | Identified the +1 robe "Goxt" {Regen+ Int+4}
 10469 | Bailey   | Noticed an orc warlord
 10597 | Bailey   | Reached skill level 5 in Stealth
 10742 | Bailey   | Acquired 891 gold pieces
 10801 | Bailey   | Killed an orc warlord
 10802 | Bailey   | Reached skill level 8 in Spellcasting
 10802 | Bailey   | Reached XP level 11. HP: 82/94 MP: 11/23
 11015 | D:9      | Noticed Erica
 11023 | D:9      | Killed Erica
 11024 | D:9      | Reached skill level 1 in Throwing
 11024 | D:9      | Reached skill level 1 in Dodging
 11124 | D:9      | Found a staircase to the Orcish Mines.
 11132 | D:9      | Paralysed by a hornet for 1 turns
 11135 | D:9      | Reached skill level 1 in Armour
 11647 | D:9      | Reached skill level 9 in Spellcasting
 12466 | D:2      | Bought a scroll of acquirement for 728 gold pieces
 12471 | D:2      | Acquired the amulet of Goytuoge {RegenMP rN+ Will+}
 12661 | D:10     | Entered Level 10 of the Dungeon
 12704 | D:10     | Learned a level 3 spell: Frozen Ramparts
 12752 | D:10     | Reached skill level 1 in Ice Magic
 13084 | D:10     | Found a shimmering blue altar of Sif Muna.
 13084 | D:10     | Found a sparkling altar of Nemelex Xobeh.
 13119 | D:10     | Found a runed translucent door.
 13129 | D:10     | Found a basalt altar of Yredelemnul.
 13173 | D:10     | Identified the ring "Omijopt" {rF+ rN++ Int-2 Dex+5}
 13180 | D:10     | Reached skill level 10 in Spellcasting
 13358 | D:10     | Reached XP level 12. HP: 82/103 MP: 18/26
 13616 | D:11     | Reached skill level 5 in Ice Magic
 13832 | D:11     | Found a runed translucent door.
 13851 | D:11     | Found a runed translucent gate.
 13857 | D:11     | Found a runed translucent gate.
 13876 | D:11     | Found a runed translucent gate.
 13876 | D:11     | Found a runed translucent gate.
 13876 | D:11     | Found a runed translucent gate.
 13876 | D:11     | Noticed a boulder beetle
 13877 | D:11     | Found a runed translucent gate.
 13894 | D:11     | Killed a boulder beetle
 14316 | D:11     | Found a staircase to the Lair.
 14316 | D:11     | Noticed a death yak
 14317 | D:11     | Noticed a death yak
 14317 | D:11     | Noticed a death yak
 14482 | D:11     | Killed a death yak
 14482 | D:11     | Killed a death yak
 14483 | D:11     | Killed a death yak
 14577 | D:11     | Noticed a two-headed ogre
 14676 | D:11     | Killed a two-headed ogre
 14786 | Lair:1   | Entered Level 1 of the Lair of Beasts
 14980 | Lair:1   | Noticed Joseph
 15012 | Lair:1   | Killed Joseph
 15197 | Lair:1   | Learned a level 3 spell: Stone Arrow
 15419 | Lair:1   | Noticed Maggie
 15794 | Lair:2   | Noticed a death yak
 16120 | Lair:2   | Reached skill level 1 in Conjurations
 16120 | Lair:2   | Reached skill level 1 in Earth Magic
 16233 | Lair:2   | Found a staircase to the Shoals.
 16336 | Lair:2   | Killed a death yak
 16337 | Lair:2   | Gained mutation: You can use your snake-like lower body to
                  | constrict enemies. [Naga growth]
 16337 | Lair:2   | Reached XP level 13. HP: 86/109 MP: 26/27
 16400 | Lair:2   | Reached skill level 11 in Spellcasting
 17388 | Lair:3   | Found a staircase to the Snake Pit.
 18023 | Lair:4   | Found the +8 demon blade "Leech" {evervamp, Harm Drain rN+}
 18112 | Lair:4   | Reached skill level 5 in Conjurations
 18112 | Lair:4   | Reached skill level 5 in Earth Magic
 18170 | Lair:4   | HP: 3/111 [elephant (11)]
 18805 | Lair:4   | Learned a level 5 spell: Arcjolt
 19185 | Lair:5   | Entered Level 5 of the Lair of Beasts
 19185 | Lair:5   | Found a hide-covered altar of Uskayaw.
 19196 | Lair:5   | Reached skill level 1 in Air Magic
 19292 | Lair:5   | Reached XP level 14. HP: 121/121 MP: 29/29
 19383 | Lair:5   | Gained mutation: You sometimes lose your temper in combat.
                  | [potion of mutation]
 19383 | Lair:5   | Gained mutation: Your muscles are strong. (Str +4, Int/Dex
                  | -1) [potion of mutation]
 19394 | Lair:5   | Lost mutation: Your muscles are strong. (Str +4, Int/Dex
                  | -1) [potion of mutation]
 19394 | Lair:5   | Lost mutation: You sometimes lose your temper in combat.
                  | [potion of mutation]
 19394 | Lair:5   | Gained mutation: You are clumsy. (Dex -2) [potion of
                  | mutation]
 19474 | Lair:5   | Found a viscous altar of Jiyva.
 19475 | Lair:5   | Found a staircase to the Slime Pits.
 19576 | Lair:5   | Reached skill level 12 in Spellcasting
 19578 | Lair:5   | Reached skill level 5 in Air Magic
 20720 | Lair:1   | Killed Maggie
 20908 | Orc:1    | Entered Level 1 of the Orcish Mines
 20908 | Orc:1    | Found a frozen archway.
 20933 | IceCv    | Entered an ice cave
 21250 | IceCv    | Reached XP level 15. HP: 129/129 MP: 31/31
 21770 | IceCv    | Slain by a reaper

Illustrated notes

Levels and vault maps discovered:
D:1:      amcnicky_arrival_gap_in_the_tavern_cellar, layout_loops_ring,
          lemuel_flame_loot_1
D:2:      minmay_door_path, layout_loops_corners, serial_shops,
          nicolae_square_shop, shop, minmay_misc_feat_alley, uniq_terence
D:3:      layout_rooms, mainiacjoe_overflow_alcove_4, uniq_robin
D:4:      layout_gridville, temple_statues, enter_ossuary_2,
          minmay_misc_feat_enclosed, uniq_ijyb, uniq_blork_the_orc,
          uniq_eustachio
D:5:      layout_basic, nicolae_qazlal_general_emergency
D:6:      layout_rooms, xom_redecorated, uniq_sigmund
D:7:      layout_loops_ring, serial_shops, shop_fountains, kennysheep_mini_moat,
          nicolae_take_the_stairs, uniq_prince_ribbit1
D:8:      layout_rooms, serial_demonic, serial_demonic_g, serial_demonic_a,
          serial_demonic_b, serial_demonic_b
D:9:      gammafunk_sealed_arena, layout_basic,
          riverfiend_overflow_shadow_ancestor, orc_0_dummy, enter_bailey_2,
          st_stairs_4, uniq_erica
D:10:     layout_roguey, dk_yredelemnul_ordeal,
          chequers_temple_overflow_statue_of_worship, serial_ice, serial_ice_f,
          serial_ice_i, serial_ice_o, serial_ice_g
D:11:     gammafunk_indiana_jones, layout_grid_maze, dpeg_lair_monsters
Temple:   nicolae_temple_great_sept
Lair:1:   layout_hall_layers, grunt_megastairs_2, uniq_maggie, uniq_joseph
Lair:2:   layout_long_grid, elwin_shoals_entry_stream
Lair:3:   layout_gridlike, minmay_snake_entry_guardpost_small
Lair:4:   layout_cave_pods, dreamdust_deal_with_the_devil
Lair:5:   evilmike_catoblepas_cave, layout_loops_ring,
          nicolae_slime_entry_slimehenge, basic_altar, lemuel_fruit_tree
Orc:1:    cheibrodos_orc_bank, layout_caves,
          portal_ice_cave_entry_ice_simulacra, serial_shops, shop_coins
IceCv:    ice_cave_tombish

Skill      XL: |  1  2  3  4  5  6  7  8  9 10 11 12 13 14 |
---------------+-------------------------------------------+-----
Stealth        | 1 2 3 5 |  5.0
Spellcasting   | 2 3 4 5 6 7 8 10 11 12 | 12.0
Fire Magic     | 4 5 7 8 10 | 10.0
Fighting       | 4 5 6 7 |  7.0
Evocations     | 4 6 7 8 |  8.0
Shields        | 5 |  5.0
Translocations | 3 |  3.0
Throwing       | 3 |  3.0
Dodging        | 1 3 |  3.0
Armour         | 1 2 |  2.0
Ice Magic      | 4 7 |  7.0
Conjurations   | 2 6 9 |  9.3
Earth Magic    | 2 6 |  6.2
Air Magic      | 2 9 |  9.5
Polearms       | |  3.0

Action                     |  1- 3 |  4- 6 |  7- 9 | 10-12 | 13-15 || total
---------------------------+-------+-------+-------+-------+-------++-------
  Melee: Spear             |    34 |   122 |    39 |   147 |       ||   342
         Punch             |     1 |       |       |       |       ||     1
         Dagger            |       |       |       |    20 |       ||    20
         Trident           |       |       |       |    19 |    94 ||   113
         Constrict         |       |       |       |       |     8 ||     8
  Throw: Dart              |       |       |       |     3 |       ||     3
         Throwing net      |       |       |       |       |     1 ||     1
   Cast: Scorch            |    16 |    79 |   134 |   313 |   208 ||   750
         Frozen Ramparts   |       |       |       |    26 |    39 ||    65
         Stone Arrow       |       |       |       |     2 |    56 ||    58
         Arcjolt           |       |       |       |       |    93 ||    93
 Invoke: Fiery Armour      |       |     2 |     1 |       |     1 ||     4
         Foxfire Swarm     |       |     1 |       |       |       ||     1
Ability: Spit Poison       |    23 |    19 |    20 |    69 |     1 ||   132
  Evoke: Wand              |       |       |     2 |     6 |     3 ||    11
         Tin of tremorston |       |       |       |     3 |     4 ||     7
    Use: Scroll            |       |     6 |     8 |    19 |     4 ||    37
         Potion            |       |     1 |       |     3 |     9 ||    13
   Stab: Paralysed         |       |       |       |    24 |       ||    24
 Armour: Robe              |     4 |    43 |    39 |   114 |   146 ||   346
  Dodge: Dodged            |    16 |    68 |    46 |   136 |   148 ||   414
  Block: Buckler           |       |       |       |    64 |    56 ||   120

Table legend: (Time is in decaauts)
 A = Elapsed time spent in this place.
 B = Non-inter-level travel time spent in this place.
 C = Inter-level travel time spent in this place.
 D = Time resting spent in this place.
 E = Time spent auto-exploring this place.
 F = Levels seen in this place.
 G = Mean time per level.
                   A        B        C        D        E       F      G
               +--------+--------+--------+--------+--------+-----+--------+
         Total |  26662 |  24872 |   1790 |   1160 |  19248 |  21 | 1269.6 |
       Dungeon |  16017 |  14571 |   1446 |    592 |  11536 |  11 | 1456.1 |
        Temple |    113 |     98 |     15 |      0 |     82 |   1 |  113.0 |
          Lair |   7599 |   7270 |    329 |    287 |   5774 |   5 | 1519.8 |
  Orcish Mines |     26 |     26 |      0 |     14 |      0 |   1 |   26.0 |
       Ossuary |    794 |    794 |      0 |      0 |    578 |   1 |  794.0 |
        Bailey |   1186 |   1186 |      0 |    110 |    668 |   1 | 1186.0 |
      Ice Cave |    924 |    924 |      0 |    156 |    608 |   1 |  924.0 |
               +--------+--------+--------+--------+--------+-----+--------+

Top non-repeatable levels by time:
     D:2: 2046 daAuts
     D:7: 1884 daAuts
     D:9: 1861 daAuts
  Lair:4: 1817 daAuts
  Lair:5: 1773 daAuts
    D:11: 1557 daAuts
     D:1: 1493 daAuts
  Lair:1: 1472 daAuts
     D:5: 1466 daAuts
  Lair:2: 1341 daAuts
     D:4: 1247 daAuts
     D:8: 1237 daAuts
  Lair:3: 1194 daAuts
  Bailey: 1186 daAuts
    D:10: 1185 daAuts
